 Dungeon Crawl Stone Soup version 0.21-a0-404-g291f19a (webtiles) character file.

3035 grizmgrazm2 the Frost Mage (level 9, -6/79 HPs)
             Began as a Ghoul Ice Elementalist on Oct 29, 2017.
             Was an Initiate of Makhleb.
             Mangled by a two-headed ogre
             ... wielding a +0 giant spiked club
              (7 damage)
             ... on level 8 of the Dungeon.
             The game lasted 00:34:37 (7031 turns).

grizmgrazm2 the Frost Mage (Ghoul Ice Elementalist) Turns: 7031, Time: 00:34:39

Health: -6/79      AC:  7    Str: 12    XL:     9   Next: 86%
Magic:  9/16       EV: 10    Int: 15    God:    Makhleb [......]
Gold:   272        SH:  0    Dex:  9    Spells: 12/19 levels left

rFire    . . .     SeeInvis +   p - +2 hunting sling
rCold    + . .     Gourm    .   (no shield)
rNeg     + + +     Faith    +   g - +1 ring mail
rPois    ∞         Spirit   .   C - +0 helmet
rElec    .         Reflect  .   (no cloak)
rCorr    .         Harm     .   (no gloves)
MR       .....                  (no boots)
Stlth    +.........             k - amulet of faith
HPRegen  0.00/turn              n - +2 ring of intelligence
MPRegen  0.15/turn              u - ring of see invisible

@: rotting
A: rotting body, claws 1, carnivore 3, cold resistance 1, negative energy
resistance 3, inhibited regeneration, torment resistance, unbreathing
a: Renounce Religion


You were on level 8 of the Dungeon.
You worshipped Makhleb.
Makhleb was noncommittal.
You were not hungry.

You visited 2 branches of the dungeon, and saw 9 of its levels.
You also visited: Ossuary.

You collected 272 gold pieces.

Inventory:

Hand Weapons
 h - a +2 dagger of venom
 p - a +2 hunting sling (weapon)
Missiles
 d - 170 stones
 j - 37 sling bullets (quivered)
Armour
 g - a +1 ring mail (worn)
 C - a +0 helmet (worn)
Jewellery
 e - an uncursed amulet of harm {unknown}
 k - an amulet of faith (around neck)
 n - a +2 ring of intelligence (left claw)
 t - an uncursed ring of protection from cold
 u - a ring of see invisible (right claw)
Wands
 o - a wand of iceblast (7/15)
 v - a wand of enslavement (10/24)
 x - a wand of random effects (17/48)
 y - a wand of confusion (10/48)
 B - a wand of random effects (11/48)
Scrolls
 m - 7 scrolls of remove curse
 w - 2 scrolls of amnesia
 E - 3 scrolls of teleportation
Potions
 a - a potion of agility
 f - 2 potions of might
 i - a potion of flight
 q - a potion of heal wounds
 r - 2 potions of ambrosia
 z - a potion of magic {unknown}
 A - a potion of curing
 D - a potion of cancellation {unknown}
 G - a potion of berserk rage {unknown}
 I - a potion of invisibility {unknown}
Books
 b - a book of Frost

   Spells                             Type                      Level
   a - Freeze                         Ice                          1
   b - Throw Frost                    Conjuration/Ice              2
   c - Ozocubu's Armour               Charms/Ice                   3
   d - Throw Icicle                   Conjuration/Ice              4
   e - Summon Ice Beast               Ice/Summoning                4
 s - a book of Maledictions

   Spells                             Type                      Level
   a - Corona                         Hexes                        1
   b - Ensorcelled Hibernation        Hexes/Ice                    2
   c - Confuse                        Hexes                        3
   d - Tukima's Dance                 Hexes                        3
   e - Dazzling Spray                 Conjuration/Hexes            3
Comestibles
 c - 4 meat rations
 l - 5 royal jellies


   Skills:
 + Level 7.2 Fighting
 - Level 1.7 Dodging
 - Level 2.1 Stealth
 + Level 5.8 Spellcasting
 - Level 0.7 Conjurations
 * Level 4.5 Summonings
 - Level 9.3 Ice Magic


You had 12 spell levels left.
You knew the following spells:

 Your Spells              Type           Power        Failure   Level  Hunger
a - Freeze                Ice            ####         1%          1    None
b - Throw Frost           Conj/Ice       ###...       6%          2    #......
c - Summon Ice Beast      Ice/Summ       ####....     19%         4    ####...


Dungeon Overview and Level Annotations

Branches:
Dungeon (8/15)             Temple (1/1) D:7
   Lair: D:8-11

Altars:
Cheibriados
Elyvilon
Fedhas
Gozag
Hepliaklqana
Kikubaaqudgha
Makhleb
Nemelex Xobeh
Okawaru
Ru
Sif Muna
Trog
Uskayaw
Vehumet
Wu Jian
Xom
Yredelemnul
Zin
The Shining One

Shops:
D:5 :


Innate Abilities, Weirdness & Mutations

Your body is rotting away.
You thrive on raw meat.
You are immune to poison.
You have sharp fingernails.
You are carnivorous and can eat meat at any time.
Your flesh is cold resistant. (rC+)
You are immune to negative energy. (rN+++)
You do not regenerate when monsters are visible.
You are immune to unholy pain and torment.
You can survive without breathing.


Message History

Casting: Freeze
Confirm with . or Enter, or press ? or * to list all spells.
Aiming: Freeze
Press: ? - help, Shift-Dir - straight line, f/p - two-headed ogre
Aim: a two-headed ogre, wielding a giant spiked club and a dire flail (severely wounded)
You freeze the two-headed ogre.
The two-headed ogre is severely wounded.
The two-headed ogre closely misses you.
The two-headed ogre hits you with a dire flail!
* * * LOW HITPOINT WARNING * * *
Casting: Freeze
Confirm with . or Enter, or press ? or * to list all spells.
Aiming: Freeze
Press: ? - help, Shift-Dir - straight line, f/p - two-headed ogre
Aim: a two-headed ogre, wielding a giant spiked club and a dire flail (severely wounded)
You freeze the two-headed ogre.
The two-headed ogre is almost dead.
The two-headed ogre barely misses you.
The two-headed ogre hits you with a dire flail!
You die...

.. .## .. ..
...... .#####.
...... .......
#.#.... .......
....... . #....
.......
....#..#...#...
......O@.......
.####(....#....
(....h#.# .
.(.####..... (#
... ...
......?.. ....
.... .
.###h.##.. #


You could see a two-headed ogre and 2 howler monkeys.

Vanquished Creatures
  The ghost of CeeQuu the Skirmisher, a novice MiGl of Trog (D:7)
  Sigmund (D:5)
  A human (D:7)
  4 hogs (D:7)
  An ice beast (D:7)
  2 sky beasts
  An ogre (D:5)
  A black bear (D:6)
  A centaur (D:5)
  3 bullfrogs
  An elf zombie (Ossuary)
  2 scorpions
  2 howler monkeys
  A centaur zombie (Ossuary)
  4 hounds
  2 human zombies (Ossuary)
  2 orc priests (D:6)
  5 orc wizards
  2 iguanas
  5 worker ants
  2 hound skeletons (D:7)
  A mummy (Ossuary)
  A howler monkey skeleton (D:4)
  12 adders
  2 worms (D:3)
  2 dart slugs
  6 leopard geckos
  24 orcs
  3 giant cockroaches
  9 goblins
  5 hobgoblins
  3 jackals (D:3)
  4 quokkas
  2 ball pythons
  7 bats
  2 frilled lizards
  A jackal skeleton (D:7)
  A jackal zombie (D:6)
  9 kobolds
  3 leopard gecko skeletons
  7 rats
148 creatures vanquished.

Vanquished Creatures (others)
  A centaur zombie (Ossuary)
1 creature vanquished.

Grand Total: 149 creatures vanquished

Notes
Turn   | Place    | Note
-------+----------+-------------------------------------------
     0 | D:1      | grizmgrazm2 the Ghoul Ice Elementalist began the quest for the Orb.
     0 | D:1      | Reached XP level 1. HP: 14/14 MP: 2/2
   138 | D:1      | Reached XP level 2. HP: 19/22 MP: 0/3
   333 | D:1      | Reached skill level 1 in Fighting
   712 | D:2      | Reached skill level 4 in Ice Magic
   712 | D:2      | Reached XP level 3. HP: 24/28 MP: 0/5
  1040 | D:2      | Noticed a scorpion
  1065 | D:2      | Killed a scorpion
  1065 | D:2      | Reached XP level 4. HP: 19/36 MP: 1/6
  1356 | D:2      | Found a deep blue altar of Sif Muna.
  1356 | D:2      | Found a glowing golden altar of the Shining One.
  1362 | D:2      | Reached XP level 5. HP: 33/41 MP: 1/7
  1591 | D:3      | Reached skill level 5 in Ice Magic
  1781 | D:3      | Learned a level 4 spell: Summon Ice Beast
  2084 | D:3      | Reached XP level 6. HP: 45/50 MP: 0/9
  2842 | D:4      | Reached skill level 6 in Ice Magic
  3328 | D:5      | Entered Level 5 of the Dungeon
  3394 | D:5      | Reached XP level 7. HP: 57/57 MP: 10/10
  3476 | D:5      | Found a sand-covered staircase.
  3494 | Ossuary  | Entered an ossuary
  3617 | Ossuary  | Reached skill level 7 in Ice Magic
  3836 | Ossuary  | Learned a level 2 spell: Throw Frost
  3907 | Ossuary  | HP: 1/59 [centaur zombie (2)]
  4231 | D:5      | Noticed Sigmund
  4361 | D:6      | Reached XP level 8. HP: 59/67 MP: 10/13
  4603 | D:6      | Reached skill level 8 in Ice Magic
  4631 | D:6      | Found an opulent altar of Gozag.
  4722 | D:6      | Reached skill level 5 in Fighting
  4889 | D:6      | Found a glowing silver altar of Zin.
  4890 | D:6      | Found a snail-covered altar of Cheibriados.
  5206 | D:5      | Killed Sigmund
  5338 | D:5      | Found Dahate's Book Shop.
  5419 | D:5      | Reached skill level 9 in Ice Magic
  5568 | D:5      | Reached XP level 9. HP: 67/75 MP: 11/15
  5910 | D:7      | Found a staircase to the Ecumenical Temple.
  5915 | Temple   | Entered the Ecumenical Temple
  5976 | Temple   | Became a worshipper of Makhleb the Destroyer
  6071 | D:7      | Reached skill level 5 in Spellcasting
  6071 | D:7      | Reached skill level 1 in Summonings
  6316 | D:7      | Noticed CeeQuu's ghost (novice MiGl)
  6356 | D:7      | Killed CeeQuu's ghost
  7019 | D:8      | Noticed a two-headed ogre
  7030 | D:8      | HP: 1/79 [two-headed ogre/giant spiked club (14)]
  7031 | D:8      | Mangled by a two-headed ogre

Vault maps used:
D:1:      dpeg_arrival_rhombi, hangedman_decor_points
D:2:      gammafunk_temple_overflow_pools
D:5:      enter_ossuary_1, first_bread, serial_shops, shop,
          minmay_misc_feat_doors, uniq_sigmund
D:6:      nicolae_overflow_hidden_temple, nicolae_overflow_crystal_walls
D:7:      minmay_temple_entry_statues_pillars, grunt_livestock
D:8:      ashenzari_conservatory_becter, serial_shops, kennysheep_mini_moat,
          minmay_misc_feat_columns, nicolae_for_you_no_charge
Temple:   eino_temple_water
Ossuary:  ossuary_minmay_four_chambers

Skill      XL: |  1  2  3  4  5  6  7  8  9 |
---------------+----------------------------+-----
Spellcasting   | 2 3 4 5 |  5.8
Fighting       | 1 2 3 4 5 7 |  7.2
Ice Magic      | 4 5 6 7 9 |  9.3
Summonings     | 4 |  4.5
Dodging        | |  1.7
Stealth        | |  2.1
Conjurations   | |  0.7

Action                   |  1- 3 |  4- 6 |  7- 9 || total
-------------------------+-------+-------+-------++-------
Melee: Unarmed           |    22 |       |       ||    22
       Dagger            |    16 |     7 |    68 ||    91
 Fire: Hunting sling     |     2 |    75 |   180 ||   257
Throw: Stone             |    42 |    40 |    26 ||   108
 Cast: Freeze            |    41 |    77 |   158 ||   276
       Throw Frost       |       |       |     1 ||     1
Evoke: Wand              |       |       |     7 ||     7
  Use: Scroll            |       |    13 |     5 ||    18
       Potion            |       |       |     5 ||     5
 Stab: Sleeping          |     1 |       |       ||     1
       Paralysed         |       |       |     6 ||     6
  Eat: Chunk             |    17 |     7 |    29 ||    53
Armor: Robe              |     9 |       |       ||     9
       Ring mail         |    13 |    40 |   125 ||   178
Dodge: Dodged            |    42 |    63 |   153 ||   258

Table legend:
 A = Spawn XP
 B = Non-spawn XP
 C = Spawn XP percentage of total XP
 D = Spawn monster count
 E = Non-spawn monster count
 F = Spawn count percentage of total count
 G = Total turns spent on level
                    A         B        C        D         E        F      G
               +---------+---------+-------+---------+---------+-------+---------
         Total |       0 |    4337 |   0.0 |       0 |     149 |   0.0 |  7031
               +---------+---------+-------+---------+---------+-------+---------
           D:1 |       0 |      31 |   0.0 |       0 |      19 |   0.0 |   704
           D:2 |       0 |     196 |   0.0 |       0 |      22 |   0.0 |  1084
           D:3 |       0 |     185 |   0.0 |       0 |      29 |   0.0 |   992
           D:4 |       0 |     202 |   0.0 |       0 |      10 |   0.0 |   607
           D:5 |       0 |     853 |   0.0 |       0 |      23 |   0.0 |  1154
           D:6 |       0 |     709 |   0.0 |       0 |      25 |   0.0 |   955
           D:7 |       0 |    1890 |   0.0 |       0 |      15 |   0.0 |  1014
       Ossuary |       0 |     271 |   0.0 |       0 |       6 |   0.0 |   414
               +---------+---------+-------+---------+---------+-------+---------
